 Dungeon Crawl Stone Soup version 0.23.2-1-ga50397a (webtiles) character file.

Game seed: 14422140942929434777

27767 Bluemoon111 the Geomancer (level 13, -6/76 HPs)
             Began as a Gargoyle Earth Elementalist on May 27, 2019.
             Was an Elder of Vehumet.
             Mangled by a spiny frog (12 damage)
             ... on level 6 of the Lair of Beasts on May 28, 2019.
             The game lasted 01:31:32 (19362 turns).

Bluemoon111 the Geomancer (GrEE)                   Turns: 19362, Time: 01:31:33

Health: -6/76      AC: 23    Str: 17    XL:     13   Next: 34%
Magic:  4/25       EV: 14    Int: 21    God:    Vehumet [****..]
Gold:   595        SH:  6    Dex: 10    Spells: 18/28 levels left

rFire    . . .     SeeInvis +   u - +0 flail
rCold    . . .     Gourm    .   X - +2 buckler
rNeg     + . .     Faith    .   D - +2 leather armour {rPois}
rPois    ∞         Spirit   .   Q - +2 helmet
rElec    +         Reflect  .   t - +0 cloak
rCorr    .         Harm     .   g - +0 pair of gloves
MR       .....                  I - +0 pair of boots
Stlth    ++........             (no amulet)
HPRegen  0.22/turn              x - ring of see invisible
MPRegen  0.19/turn              V - +1 ring of protection

@: mighty
A: negative energy resistance 1, electricity resistance, unbreathing,
petrification resistance, rot immunity, AC +9
a: Renounce Religion


You were on level 6 of the Lair of Beasts.
You worshipped Vehumet.
Vehumet was greatly pleased with you.
You were not hungry.

You visited 3 branches of the dungeon, and saw 17 of its levels.

You collected 692 gold pieces.
You spent 97 gold pieces at shops.

Inventory:

Hand Weapons
 u - a +0 flail (weapon)
 B - a +3 quarterstaff
 H - a +0 trident
Missiles
 b - 235 stones (quivered)
Armour
 g - a +0 pair of gloves (worn)
 l - a +0 shield
 q - a +0 robe
 t - a +0 cloak (worn)
 D - a +2 leather armour of poison resistance (worn)
 I - a +0 pair of boots (worn)
 J - a +1 leather armour of positive energy
 Q - a +2 helmet (worn)
 U - a scarf of repulsion
 X - a +2 buckler (worn)
Magical Staves
 w - an uncursed staff of power {unknown}
Jewellery
 m - an uncursed ring of protection from cold
 x - a ring of see invisible (left hand)
 C - an uncursed ring of resist corrosion
 V - a +1 ring of protection (right hand)
Wands
 c - a wand of clouds (5)
 s - a wand of acid (7)
 A - a wand of polymorph (6)
 E - a wand of flame (51)
 M - a wand of digging (10)
 O - a wand of random effects (37)
 T - a wand of iceblast (25)
 Z - a wand of enslavement (11)
Scrolls
 a - 3 scrolls of fear
 e - 3 scrolls of fog {unknown}
 f - 14 scrolls of identify
 h - a scroll of teleportation
 n - 3 scrolls of magic mapping {unknown}
 p - 8 scrolls of enchant weapon
 r - 6 scrolls of remove curse
 y - a scroll of enchant armour {unknown}
 F - 3 scrolls of noise {unknown}
 G - 2 scrolls of immolation {unknown}
 L - a scroll of amnesia {unknown}
 N - a scroll of blinking {unknown}
 S - a scroll of torment {unknown}
 Y - a scroll of summoning {unknown}
Potions
 i - 2 potions of might
 j - 2 potions of ambrosia {unknown}
 o - 2 potions of lignification {unknown}
 v - 2 potions of degeneration {unknown}
 K - a potion of berserk rage {unknown}
 P - 2 potions of flight {unknown}
 R - 3 potions of haste
 W - 2 potions of invisibility {unknown}
Comestibles
 d - 25 rations


   Skills:
 + Level 7.5 Fighting
 + Level 7.0 Maces & Flails
 - Level 6.0 Armour
 + Level 6.2 Dodging
 - Level 2.1 Stealth
 + Level 2.6 Shields
 + Level 8.4 Spellcasting
 + Level 9.2 Conjurations
   Level 0.7 Transmutations
 + Level 6.5 Fire Magic
 + Level 11.0 Earth Magic
 + Level 6.3 Evocations


You had 18 spell levels left.
You knew the following spells:

 Your Spells              Type           Power        Failure   Level  Hunger
a - Sandblast             Erth           ######       1%          1    None
b - Stone Arrow           Conj/Erth      ######       1%          3    None
c - Lee's Rapid Deconstr  Erth           ######....   1%          5    #####..
d - Flame Tongue          Conj/Fire      #####        1%          1    None

Your spell library contained the following spells:

 Spells                   Type           Power        Failure   Level  Hunger
 Iron Shot                Conj/Erth      ######....   7%          6    ######.
 Sting                    Conj/Pois      ####         1%          1    None
 Passwall                 Tmut/Erth      ####....     1%          2    None
 Throw Frost              Conj/Ice       ####..       1%          2    None
 Mephitic Cloud           Conj/Pois/Air  ###.....     2%          3    None
 Freeze                   Ice            #...         3%          1    None
 Throw Icicle             Conj/Ice       ####....     4%          4    ###....
 Petrify                  Tmut/Erth      ####....     10%         4    ###....
 Venom Bolt               Conj/Pois      ####......   12%         5    #####..
 Poisonous Vapours        Pois/Air       #.....       16%         2    None
 Olgreb's Toxic Radiance  Pois           #.......     26%         4    ###....
 Ozocubu's Armour         Chrm/Ice       #.......     32%         3    None
 Summon Ice Beast         Ice/Summ       #.......     71%         4    ###....


Dungeon Overview and Level Annotations

Branches:
Dungeon (10/15)            Temple (1/1) D:5            Lair (6/6) D:10
 Shoals (0/4) Lair:4        Snake (0/4) Lair:4
  Slime: Lair:5-6       Orc: D:9-12

Altars:
Ashenzari
Cheibriados
Dithmenos
Elyvilon
Fedhas
Gozag
Hepliaklqana
Kikubaaqudgha
Makhleb
Nemelex Xobeh
Okawaru
Qazlal
Ru
Sif Muna
Trog
Uskayaw
Vehumet
Wu Jian
Xom
Yredelemnul
Zin
The Shining One

Shops:
D:8 ?

Annotations:
D:4 3 runed translucent doors, jazmu's ghost, novice GrWr
D:9 5 runed translucent doors, exclusion: 3 doors
Lair:5 Snorg
Lair:6 Nessos


Innate Abilities, Weirdness & Mutations

You are resistant to torment.
Your stone body is resilient. (AC +9)
You are immune to poison.
You resist negative energy. (rN+)
You are resistant to electric shocks. (rElec)
You can survive without breathing.
You are immune to petrification.
You are immune to rotting.


Message History

A spiny frog is nearby!
A spiny frog comes into view.
Casting: Sandblast (safe; 1% risk of failure)
Confirm with . or Enter, or press ? or * to list all spells.
Aiming: Stone Arrow (safe; 1% risk of failure)
Press: ? - help, Shift-Dir - straight line, f - spiny frog
Aim: a spiny frog The stone arrow hits the spiny frog!
The spiny frog is moderately wounded.
The spiny frog closely misses you.
The spiny frog stings you but does no damage.
Casting: Stone Arrow (safe; 1% risk of failure)
Confirm with . or Enter, or press ? or * to list all spells.
Aiming: Stone Arrow (safe; 1% risk of failure)
Press: ? - help, Shift-Dir - straight line, f/p - spiny frog
Aim: a spiny frog (moderately wounded)
The stone arrow hits the spiny frog!!
The spiny frog is severely wounded.
The spiny frog closely misses you. The spiny frog stings you!
You die...

# #.# ## ###..P#.### #####
.#P......P.###########.#.#
###...........##.P##P##.....##
####...........F@F...............
#.#.................^.^..........
....?.............P#.............
#...............#P###............
P.....P.........### #........##..
....FP.P.......# #..##.###..#P
......P.l$..### #.##.## ###.
#...F.#.....#########.....###.# .
#.....#........#.P##...........#


You could see 2 spiny frogs.

Vanquished Creatures
  Gastronok (D:8)
  A hydra (Lair:5)
  2 two-headed ogres (D:10)
  Sonja (Lair:4)
  7 black mambas
  4 elephants
  5 spiny frogs
  6 rime drakes
  12 komodo dragons
  5 hippogriffs
  A spriggan (D:9)
  A wyvern (Lair:4)
  24 yaks
  Eustachio (D:5)
  A wraith (D:9)
  A hungry ghost (D:10)
  A vampire mosquito (Lair:6)
  2 basilisks
  A soldier ant (D:10)
  A warg (Lair:1)
  9 water moccasins
  3 orc warriors
  6 porcupines
  An ice beast (D:8)
  3 sky beasts
  A black bear (Lair:4)
  2 phantoms
  An eye of draining (D:10)
  A necrophage (D:8)
  17 wolves
  6 ogres
  7 centaurs
  9 crocodiles
  2 big kobolds
  A gnoll sergeant (D:6)
  10 bullfrogs
  2 wyvern skeletons
  4 scorpions
  6 killer bees (D:9)
  An electric eel (Lair:1)
  A howler monkey (D:7)
  5 crimson imps
  2 jellies (D:8)
  A quasit (D:6)
  6 hounds
  5 orc priests
  2 bullfrog skeletons (D:7)
  4 iguanas
  8 orc wizards
  3 worker ants
  A hound skeleton (D:10)
  A worker ant zombie (D:5)
  9 gnolls
  3 adders
  A shadow imp (D:6)
  2 oozes
  A worm (D:2)
  3 dart slugs
  2 leopard geckos
  32 orcs
  4 giant cockroaches
  8 hobgoblins
  20 jackals
  16 kobolds
  8 quokkas
  2 ball pythons
  9 bats
  A frilled lizard (D:2)
  5 goblins
  A leopard gecko skeleton (D:4)
  18 rats
  A plant (D:10)
355 creatures vanquished.

Vanquished Creatures (others)
  A worker ant zombie (D:8)
  8 fungi
  36 plants
45 creatures vanquished.

Grand Total: 400 creatures vanquished

Notes
Turn   | Place    | Note
-------+----------+-------------------------------------------
     0 | D:1      | Bluemoon111 the Gargoyle Earth Elementalist began the quest
                  | for the Orb.
     0 | D:1      | Reached XP level 1. HP: 10/10 MP: 3/3
    90 | D:1      | Reached skill level 4 in Earth Magic
    90 | D:1      | Reached XP level 2. HP: 8/15 MP: 0/5
   635 | D:1      | Reached XP level 3. HP: 18/19 MP: 6/6
  1270 | D:2      | Learned a level 3 spell: Stone Arrow
  1357 | D:2      | Reached skill level 1 in Conjurations
  1357 | D:2      | Reached XP level 4. HP: 3/24 MP: 2/8
  2032 | D:2      | Reached skill level 5 in Earth Magic
  2488 | D:3      | Reached XP level 5. HP: 23/28 MP: 5/9
  2690 | D:3      | Noticed a sky beast
  2697 | D:3      | Killed a sky beast
  2697 | D:3      | Reached XP level 6. HP: 32/32 MP: 0/11
  3335 | D:4      | Found a runed translucent gate.
  3336 | D:4      | Found a runed translucent gate.
  3336 | D:4      | Found an opulent altar of Gozag.
  3337 | D:4      | Found a runed translucent gate.
  3338 | D:4      | Noticed jazmu's ghost (novice GrWr)
  3603 | D:4      | Got an encrusted leather armour
  3625 | D:4      | Identified the +0 leather armour "Ilegino" {*Corrode rPois
                  | rF+} (You found it on level 4 of the Dungeon)
  3981 | D:5      | Entered Level 5 of the Dungeon
  4023 | D:5      | Reached skill level 6 in Earth Magic
  4264 | D:5      | Reached XP level 7. HP: 26/36 MP: 3/13
  4389 | D:5      | Found an ancient bone altar of Kikubaaqudgha.
  4389 | D:5      | Found a sparkling altar of Nemelex Xobeh.
  4390 | D:5      | Found a blossoming altar of Fedhas.
  4716 | D:5      | Reached skill level 5 in Spellcasting
  4716 | D:5      | Reached skill level 7 in Earth Magic
  4763 | D:5      | Found a staircase to the Ecumenical Temple.
  4769 | D:5      | Noticed Eustachio
  4772 | Temple   | Entered the Ecumenical Temple
  4875 | D:5      | Killed Eustachio
  4875 | D:5      | Reached XP level 8. HP: 42/42 MP: 1/15
  4895 | D:5      | Found a basalt altar of Yredelemnul.
  5113 | D:6      | Found a radiant altar of Vehumet.
  5125 | D:6      | Became a worshipper of Vehumet
  5151 | D:6      | Reached skill level 1 in Armour
  5227 | D:6      | Reached skill level 1 in Fighting
  5227 | D:6      | Reached skill level 1 in Maces & Flails
  5227 | D:6      | Reached skill level 5 in Conjurations
  5235 | D:6      | Learned a level 5 spell: Lee's Rapid Deconstruction
  5731 | D:6      | Reached skill level 1 in Evocations
  5761 | D:6      | Found a deep blue altar of Sif Muna.
  5951 | D:6      | Reached * piety under Vehumet
  5951 | D:6      | Offered knowledge of Flame Tongue by Vehumet.
  5954 | D:6      | Learned a level 1 spell: Flame Tongue
  6342 | D:6      | Reached XP level 9. HP: 6/49 MP: 3/17
  6675 | D:7      | Reached skill level 1 in Fire Magic
  6809 | D:7      | Got a distressingly furry leather armour
  6897 | D:6      | Identified the +1 leather armour of Bitterness {-Cast rN++
                  | Dex+4} (You found it on level 7 of the Dungeon)
  7263 | D:7      | Reached skill level 8 in Earth Magic
  7431 | D:8      | Found Loask's Magic Scroll Shop.
  7449 | D:8      | Bought a scroll of enchant weapon for 97 gold pieces
  7471 | D:8      | Reached ** piety under Vehumet
  7482 | D:8      | Offered knowledge of Throw Frost by Vehumet.
  7748 | D:8      | Noticed Gastronok
  8538 | D:8      | Killed Gastronok
  8538 | D:8      | Reached XP level 10. HP: 37/57 MP: 2/19
  9212 | D:9      | Found the +9 staff of Olgreb {rPois}
  9214 | D:9      | Found a runed translucent door.
  9228 | D:9      | Found a runed translucent gate.
  9228 | D:9      | Found a runed translucent gate.
  9229 | D:9      | Found a runed translucent door.
  9239 | D:9      | Found a runed translucent gate.
  9706 | D:9      | Offered knowledge of Ignite Poison by Vehumet.
  9871 | D:9      | Found a shimmering altar of Xom.
  9879 | D:9      | Found a bloodstained altar of Trog.
  9879 | D:9      | Found a burning altar of Makhleb.
  9881 | D:9      | Found a stormy altar of Qazlal.
  9883 | D:9      | Found a sacrificial altar of Ru.
  9884 | D:9      | Found a glowing golden altar of the Shining One.
 10088 | D:10     | Entered Level 10 of the Dungeon
 10227 | D:10     | Found a staircase to the Lair.
 10428 | D:10     | Reached skill level 9 in Earth Magic
 10520 | D:10     | Noticed a two-headed ogre
 10533 | D:10     | Killed a two-headed ogre
 10702 | D:10     | Found a shimmering altar of Xom.
 10759 | D:10     | Reached *** piety under Vehumet
 10775 | D:10     | Noticed a two-headed ogre
 10781 | D:10     | Killed a two-headed ogre
 10781 | D:10     | Reached skill level 5 in Fighting
 10781 | D:10     | Reached skill level 5 in Armour
 10781 | D:10     | Reached XP level 11. HP: 51/63 MP: 6/21
 11734 | Lair:1   | Entered Level 1 of the Lair of Beasts
 12379 | Lair:1   | Offered knowledge of Fulminant Prism by Vehumet.
 12526 | Lair:1   | Reached skill level 5 in Maces & Flails
 13820 | Lair:2   | Reached **** piety under Vehumet
 13940 | Lair:2   | Reached skill level 5 in Dodging
 14191 | Lair:2   | Reached skill level 5 in Fire Magic
 14264 | Lair:2   | Offered knowledge of Venom Bolt by Vehumet.
 14264 | Lair:2   | Reached XP level 12. HP: 67/70 MP: 7/23
 14426 | Lair:2   | Reached skill level 10 in Earth Magic
 14456 | Lair:1   | Reached skill level 5 in Evocations
 16928 | Lair:4   | Found a staircase to the Snake Pit.
 16929 | Lair:4   | Noticed Sonja
 16958 | Lair:4   | Killed Sonja
 17499 | Lair:4   | Reached skill level 1 in Shields
 17544 | Lair:4   | Found a staircase to the Shoals.
 17685 | Lair:4   | Reached XP level 13. HP: 56/76 MP: 11/25
 18029 | Lair:5   | Reached ***** piety under Vehumet
 18152 | Lair:5   | Offered knowledge of Iron Shot by Vehumet.
 18940 | Lair:5   | Noticed Snorg
 18971 | Lair:5   | You fall through a shaft!
 18971 | Lair:6   | Entered Level 6 of the Lair of Beasts
 19168 | Lair:6   | Noticed Nessos
 19218 | Lair:6   | Reached skill level 11 in Earth Magic
 19336 | Lair:6   | HP: 1/76 [vampire mosquito (5)]
 19362 | Lair:6   | Mangled by a spiny frog

Skill      XL: |  1  2  3  4  5  6  7  8  9 10 11 12 13 |
---------------+----------------------------------------+-----
Earth Magic    | 4 5 6 7 8 9 10 11 | 11.0
Spellcasting   | 3 4 5 6 7 8 |  8.4
Conjurations   | 1 2 3 4 5 6 7 8 9 |  9.2
Armour         | 2 4 5 6 |  6.0
Fighting       | 2 4 5 6 7 |  7.5
Maces & Flails | 2 3 4 5 6 7 |  7.0
Dodging        | 2 3 4 5 6 |  6.2
Evocations     | 1 3 4 5 6 |  6.3
Fire Magic     | 3 4 5 6 |  6.5
Shields        | 1 2 |  2.6
Stealth        | |  2.1
Transmutations | |  0.7

Action                   |  1- 3 |  4- 6 |  7- 9 | 10-12 | 13-15 || total
-------------------------+-------+-------+-------+-------+-------++-------
Melee: Dagger            |   100 |       |       |       |       ||   100
       Unarmed           |     2 |       |       |       |       ||     2
       Short sword       |    21 |    90 |       |       |       ||   111
       Mace              |       |    79 |     7 |       |       ||    86
       Flail             |       |       |    11 |    89 |    62 ||   162
       Quarterstaff      |       |       |   272 |   521 |       ||   793
 Cast: Sandblast         |    26 |    37 |    64 |    77 |    20 ||   224
       Stone Arrow       |       |    12 |    47 |   159 |    72 ||   290
       Lee's Rapid Decon |       |       |     1 |     4 |       ||     5
       Flame Tongue      |       |       |       |     1 |       ||     1
Evoke: Wand              |       |       |       |     4 |     1 ||     5
  Use: Scroll            |       |     7 |       |     2 |     7 ||    16
       Potion            |       |       |       |     5 |    11 ||    16
 Stab: Sleeping          |     1 |       |     1 |     2 |       ||     4
  Eat: Chunk             |     2 |     8 |    11 |    23 |     2 ||    46
       Ration            |       |     1 |     1 |     4 |     1 ||     7
Armor: Robe              |    46 |    75 |    37 |       |       ||   158
       Leather armour    |       |       |    96 |   443 |   126 ||   665
Dodge: Dodged            |    88 |   153 |   215 |   604 |   157 ||  1217
Block: Buckler           |       |       |       |    30 |    67 ||    97
